 Dungeon Crawl Stone Soup version 0.26.1-11-gd32895ea62 (webtiles) character file.

Game seed: 6373145517094217545

212 Zeld the Chopper (level 5, -1/45 HPs)
             Began as a Hill Orc Fighter on May 25, 2021.
             Was an Initiate of Beogh.
             Slain by an orc wizard
             ... wielding a cursed +0 dagger
              (2 damage)
             ... on level 3 of the Dungeon.
             The game lasted 00:04:43 (2840 turns).

Zeld the Chopper (Hill Orc Fighter)                 Turns: 2840, Time: 00:04:44

Health: -1/45      AC:  6    Str: 20    XL:     5   Next: 89%
Magic:  5/5        EV:  7    Int:  8    God:    Beogh [......]
Gold:   132        SH: 10    Dex: 10    Spells: 4/4 levels left

rFire    . . .     SeeInvis .   a - +0 war axe
rCold    . . .     Faith    .   c - +0 kite shield
rNeg     . . .     Spirit   .   b - +0 scale mail
rPois    .         Reflect  .   (no helmet)
rElec    .         Harm     .   j - scarf {+Inv}
rCorr    .         Rampage  .   (no gloves)
Will     .....                  (no boots)
Stlth    ..........             (no amulet)
HPRegen  0.15/turn              (no ring)
MPRegen  0.09/turn              (no ring)

@: mighty
A: no striking features
a: Renounce Religion, Evoke Invisibility


You were on level 3 of the Dungeon.
You worshipped Beogh.
Beogh was noncommittal.
You visited 1 branch of the dungeon, and saw 3 of its levels.

You collected 132 gold pieces.

Inventory:

Hand Weapons
 a - a +0 war axe (weapon)
Missiles
 i - 8 boomerangs
 k - 31 poisoned darts (quivered)
Armour
 b - a +0 scale mail (worn)
 c - a +0 kite shield (worn)
 j - a scarf of invisibility (worn)
Scrolls
 g - 2 scrolls of random uselessness {unknown}
 h - 3 scrolls of identify {unknown}
 l - a scroll of teleportation {unknown}
Potions
 d - a potion of might
 e - a potion of flight {unknown}
 f - a potion of cancellation {unknown}
 m - a potion of brilliance {unknown}


   Skills:
 - Level 3.6 Fighting
 * Level 5.8 Axes
 - Level 3.2 Armour
 * Level 5.4 Shields


You had 4 spell levels left.
You didn't know any spells.
Your spell library was empty.

Dungeon Overview and Level Annotations

Branches:
Dungeon (3/15)

Altars:


Message History

The orc hits you but does no damage.
You bump into the rock wall.
The orc hits you with a +0 club.
You're too confused to move!
You feel less confused. The orc hits you but does no damage.
You feel very mighty all of a sudden. You block the orc's attack.
You slash the orc!
You kill the orc!
Beogh accepts your kill.
You closely miss something.
Something hits you but does no damage. x2
You miss something. You block something's attack.
You closely miss something. Something hits you but does no damage.
The orc priest calls down the wrath of Beogh upon you.
Beogh smites you!
* * * LOW HITPOINT WARNING * * *
Your scale mail prevents you from hitting something.
Something hits you.
You die...
Beogh appreciates something's killing of a heretic priest.

#...#
#.#
###.#
#.#
#.#
#.###
#.#
#...#
#.#
###.#
#.#
#.#
#.#
#.# #
#.#
#.#
..#
#@#
####
#{#
...#
#o#
##.#
#o#
#.#
#.#
#†#
#.#
#.#
#.#
#.#
#.#
#.#
#.#


You could see an orc priest and an orc.

Vanquished Creatures
  An orc wizard (D:3)
  A worker ant (D:2)
  2 adders (D:2)
  An ooze (D:3)
  4 worms
  5 dart slugs (D:1)
  A leopard gecko (D:2)
  17 orcs
  2 ball pythons
  6 goblins
  11 hobgoblins
  9 jackals
  A quokka (D:3)
  13 bats
  3 frilled lizards
  7 kobolds
  8 rats
92 creatures vanquished.

Vanquished Creatures (others)
  An orc wizard (D:3)
  An orc (D:3)
  A giant cockroach (D:3)
3 creatures vanquished.

Grand Total: 95 creatures vanquished

Notes
Turn   | Place    | Note
-------+----------+-------------------------------------------
     0 | D:1      | Zeld the Hill Orc Fighter began the quest for the Orb.
     0 | D:1      | Reached XP level 1. HP: 19/19 MP: 1/1
   109 | D:1      | Reached XP level 2. HP: 26/26 MP: 2/2
   581 | D:1      | Reached XP level 3. HP: 28/31 MP: 3/3
  1199 | D:2      | Reached XP level 4. HP: 32/39 MP: 4/4
  1745 | D:2      | Reached skill level 5 in Axes
  1745 | D:2      | Reached skill level 5 in Shields
  1745 | D:2      | Reached XP level 5. HP: 28/45 MP: 5/5
  2702 | D:3      | Became a worshipper of Beogh the Brigand
  2839 | D:3      | HP: 1/45 [orc priest/divine providence (15)]
  2840 | D:3      | Slain by an orc wizard

Illustrated notes

Levels and vault maps discovered:
D:1:      dpeg_arrival_more_subterranean_lakeside_camping, layout_basic
D:2:      layout_rooms
D:3:      minmay_wonky_spiral, layout_loops_ring

Skill      XL: |  1  2  3  4 |
---------------+-------------+-----
Axes           | 3 4 5 |  5.8
Shields        | 4 5 |  5.4
Fighting       | |  3.6
Armour         | |  3.2

Action                   |  1- 3 |  4- 6 || total
-------------------------+-------+-------++-------
Melee: War axe           |   104 |   145 ||   249
Invok: Convert to Beogh  |       |     1 ||     1
  Use: Potion            |       |     1 ||     1
Armor: Scale mail        |    64 |    56 ||   120
Dodge: Dodged            |    35 |    46 ||    81
Block: Kite shield       |    63 |    78 ||   141
